 Dungeon Crawl Stone Soup version 0.18-a0-1551-g40744a8 (webtiles) character file.

27745 Hilldric the Cleaver (level 13, -4/117 HPs)
             Began as a Hill Orc Fighter on Mar 11, 2016.
             Was a High Priest of Beogh.
             Shot with an arrow by a satyr (14 damage)
             ... on level 2 of the Shoals.
             The game lasted 01:27:27 (17696 turns).

Hilldric the Cleaver (Hill Orc Fighter)            Turns: 17696, Time: 01:27:27

Health: -4/117     AC: 22    Str: 27    XL:     13   Next: 34%
Magic:  15/15      EV: 12    Int:  8    God:    Beogh [*****.]
Gold:   1161       SH:  7    Dex: 12    Spells: 0 memorised, 12 levels left

rFire  + . .     SeeInvis .     a - +1 war axe
rCold  . . .     Gourm    .     u - +0 plate armour
rNeg   . . .     Faith    .     S - +0 buckler
rPois  .         Spirit   .     (helmet restricted)
rElec  .         Dismiss  +     h - +0 cloak
rCorr  .         Reflect  .     k - +1 pair of gloves {Str+3}
SustAt .         Harm     .     R - +0 pair of boots
MR     +....                    F - amulet of dismissal
Stlth  ..........               o - +3 ring of slaying
                                s - ring of protection from magic

@: lethally poisoned (-4 -> -39), afraid, somewhat resistant to hostile
enchantments, extremely unstealthy
A: walk on water, horns 1, talons 1, repulsion field 1, agile 1, fire resistance
1, high mp 1, MP-powered wands
a: Smiting, Recall Orcish Followers, Give Item to Named Follower, Renounce
Religion


You were on level 2 of the Shoals.
You worshipped Beogh.
Beogh was extremely pleased with you.
You were very hungry.

You visited 3 branches of the dungeon, and saw 16 of its levels.
You also visited: Ice Cave.

You collected 1161 gold pieces.

Inventory:

Hand Weapons
 a - a +1 war axe (weapon)
 E - a +2 long sword of slicing
 H - a +2 dagger of protection
Armour
 c - a +1 shield
 d - a +0 helmet
 h - a +0 cloak (worn)
 k - a +1 pair of gloves of strength (worn)
 u - a +0 plate armour (worn)
 R - a +0 pair of boots (worn)
 S - a +0 buckler (worn)
Magical Staves
 n - an uncursed staff of summoning {unknown}
Jewellery
 b - an uncursed ring of flight
 j - an uncursed ring of ice
 o - a +3 ring of slaying (right hand)
 s - a ring of protection from magic (left hand)
 F - an amulet of dismissal (around neck)
 M - an uncursed ring of magical power
 N - an uncursed ring of fire
Wands
 e - a wand of digging (14/24)
 r - a wand of lightning (8/15)
 J - a wand of digging (14/24)
 Q - a wand of disintegration (10/24)
Scrolls
 g - 5 scrolls of amnesia
 q - 4 scrolls of enchant armour
 t - 4 scrolls of enchant weapon
 w - a scroll of recharging
 x - 2 scrolls of remove curse
 y - 4 scrolls of teleportation
 C - a scroll of fog
 D - a scroll of blinking
Potions
 f - a potion of flight
 l - 3 potions of curing
 m - a potion of berserk rage
 v - 2 potions of brilliance
 A - 2 potions of cancellation
 I - a potion of magic
 K - 2 potions of ambrosia
 L - a potion of invisibility
 P - a potion of agility {unknown}
 T - 3 potions of lignification
Miscellaneous
 i - a fan of gales
 O - a box of beasts {used: 1}
 W - a phantom mirror
Comestibles
 z - a bread ration
 B - 3 meat rations
 X - 3 beef jerkies


   Skills:
 + Level 11.9 Fighting
 + Level 14.6 Axes
 + Level 11.1 Armour
 + Level 5.2 Dodging
 + Level 2.4 Stealth
 + Level 12.4 Shields
 + Level 1.8 Invocations
 + Level 0.8 Evocations


You had 12 spell levels left.
You didn't know any spells.

Dungeon Overview and Level Annotations

Branches:
Dungeon (10/15)            Temple (0/1) D:6            Lair (4/8) D:10
 Shoals (2/4) Lair:4          Orc (0/2) D:10
  Snake: Lair:3-6    Spider: Lair:3-6

Altars:
Ashenzari
Cheibriados
Dithmenos
Elyvilon
Fedhas
Gozag
Kikubaaqudgha
Okawaru
Pakellas
Trog
Vehumet
Xom
The Shining One


Innate Abilities, Weirdness & Mutations

You can walk on water.
You have a pair of small horns on your head.
You have sharp toenails.
You are surrounded by a mild repulsion field (EV +2).
You are agile. (Dex +2)
Your flesh is heat resistant.
You have an increased reservoir of magic (+10% MP).
You expend magic power (3 MP) to strengthen your wands.


Message History

The sea snake is severely wounded.
The sea snake bites you!
You are lethally poisoned!
The sea snake poisons you!
You hit the sea snake but do no damage.
The sea snake is severely wounded.
You feel very sick. The sea snake closely misses you.
The satyr shoots an arrow.
The arrow hits you!!
* * * LOW HITPOINT WARNING * * *
You barely miss the sea snake. Your headbutt misses the sea snake.
The sea snake is severely wounded.
* * * LOW HITPOINT WARNING * * *
You feel very sick. The sea snake closely misses you.
* * * LOW HITPOINT WARNING * * *
You feel very sick.
Wargath seems to regain its courage.
The satyr shoots an arrow.
The arrow hits you!
You die...

≈≈≈≈≈≈...≈≈≈≈..###...≈≈≈≈≈≈
≈≈≈≈≈≈..≈≈≈....###...≈≈≈≈≈≈
≈.≈≈≈........≈≈≈≈≈≈≈≈
≈≈≈≈≈≈≈......≈≈≈≈≈≈≈≈
≈≈≈≈≈≈≈≈...)≈≈≈≈≈≈≈≈≈
≈≈≈≈≈≈≈≈.†≈P≈≈≈≈≈≈≈.
≈≈≈≈≈≈≈≈...PP≈≈≈≈≈≈[
≈≈≈≈PPP<..P#P≈≈≈≈≈≈.
≈≈≈≈PP..S@.#P≈≈≈≈..
≈≈≈≈≈..≈(oPPP.P≈...
...≈≈..≈.###PP..##
...≈≈.P...# ....#
...≈...≈≈..P ≈≈..
.≈≈...≈≈...≈≈≈≈.
.≈≈......≈≈≈≈≈≈≈
..≈.c....≈≈≈≈≈≈
≈.≈≈≈...≈≈≈≈≈≈≈


You could see a satyr, a sea snake (roused) and the friendly Wargath the orc
knight (frenzied).

Vanquished Creatures
  A merfolk impaler (Shoals:1)
  Josephine (Shoals:1)
  2 merfolk avatars (Shoals:1)
  A hydra (Lair:1)
  3 sea snakes (Shoals:1)
  A griffon (Shoals:1)
  2 manticores (Shoals:1)
  3 fauns (Shoals:1)
  A siren (Shoals:1)
  2 water nymphs
  2 molten gargoyles (Lair:3)
  A spiny frog (Lair:4)
  An ice devil (IceCv)
  5 merfolk
  The ghost of Hilldric the Chopper, an amateur HOFi of Beogh (D:4)
  The ghost of Aksel the Cleaver, an amateur HOFi of Beogh (D:5)
  Prince Ribbit (D:5)
  5 blink frogs
  2 snapping turtles
  Sigmund (D:5)
  8 yaks
  3 wraiths (Shoals:1)
  2 water elementals (Shoals:1)
  A wyvern (D:9)
  A hippogriff (Shoals:2)
  A warg (D:10)
  3 water moccasins (Lair:3)
  2 orc warriors (D:6)
  4 porcupines
  2 sky beasts
  3 ice beasts
  2 necrophages (D:7)
  An eye of draining (D:10)
  A phantom (D:8)
  2 centaurs
  3 ogres
  2 wolves (Lair:2)
  A big kobold (D:8)
  4 giant frogs
  2 gnoll sergeants
  3 scorpions
  4 killer bees (D:10)
  An electric eel (Lair:4)
  4 howler monkeys
  3 crimson imps
  A giant frog zombie (D:9)
  2 jellies
  4 lava snakes (Lair:3)
  A centaur skeleton (D:7)
  10 hounds
  2 orc wizards
  Crazy Yiuf (D:2)
  7 orc priests
  3 gnoll shamans
  A giant frog skeleton (D:5)
  4 iguanas
  Natasha (thrice) (D:2)
  9 worker ants
  A killer bee zombie (D:9)
  3 sheep (Lair:4)
  A hound skeleton (D:6)
  A worker ant zombie (D:6)
  17 gnolls
  23 river rats
  8 adders
  A shadow imp (D:10)
  4 white imps (Lair:4)
  4 oozes
  3 adder skeletons
  An adder zombie (D:6)
  4 dart slugs
  5 giant geckos
  16 orcs
  10 giant cockroaches
  7 goblins
  19 hobgoblins
  18 jackals
  5 quokkas
  2 ball pythons
  10 bats
  4 giant newts
  16 kobolds
  A quokka skeleton (D:6)
  6 rats
  A butterfly (D:6)
  2 fungi
  3 plants
344 creatures vanquished.

Vanquished Creatures (collateral kills)
  A merfolk impaler (Shoals:1)
  The ghost of Lugonue the Protected, a journeyman DsGl of Cheibriados (Lair:1)
  Nergalle (D:10)
  2 sea snakes
  An obsidian statue (Lair:1)
  A manticore (Shoals:2)
  2 griffons (Shoals:1)
  4 fauns (Shoals:1)
  5 spiny frogs
  A water nymph (Shoals:1)
  An ice devil (IceCv)
  A wind drake (Shoals:1)
  A merfolk (Shoals:2)
  A two-headed ogre (D:9)
  6 blink frogs
  3 snapping turtles
  A wraith (Shoals:1)
  13 yaks
  A hippogriff (D:10)
  A hungry ghost (D:8)
  A warg (D:10)
  2 water moccasins
  2 porcupines (Lair:1)
  An ice beast (D:7)
  An orc warrior (D:10)
  2 ogres
  A wolf (Lair:2)
  A necrophage (D:8)
  A centaur (D:8)
  5 crocodiles
  A giant frog (Lair:3)
  A scorpion (D:10)
  2 killer bees (D:10)
  A howler monkey (D:9)
  A lava snake (Lair:3)
  An orc wizard (D:7)
  A centaur skeleton (D:7)
  A worker ant (D:8)
  4 sheep
  A killer bee zombie (D:9)
  2 gnolls
  18 river rats
  8 white imps (Lair:4)
  A shadow imp (D:8)
  An adder zombie (D:8)
  An orc (D:8)
  A hobgoblin (D:9)
  2 jackals (D:10)
  3 kobolds
  2 bushes
  5 fungi
  8 plants
131 creatures vanquished.

Vanquished Creatures (others)
  3 orc priests
  7 orcs
  3 orc wizards
  A quokka (D:2)
  A bat (D:3)
  2 plants (Shoals:2)
17 creatures vanquished.

Grand Total: 492 creatures vanquished

Notes
Turn   | Place    | Note
--------------------------------------------------------------
     0 | D:1      | Hilldric the Hill Orc Fighter began the quest for the Orb.
     0 | D:1      | Reached XP level 1. HP: 19/19 MP: 1/1
    58 | D:1      | Reached XP level 2. HP: 16/27 MP: 2/2
    93 | D:1      | Reached XP level 3. HP: 11/33 MP: 3/3
  1169 | D:1      | Reached XP level 4. HP: 38/40 MP: 4/4
  1296 | D:2      | Reached skill level 3 in Axes
  1301 | D:2      | Reached skill level 1 in Dodging
  1521 | D:2      | Noticed Natasha
  1561 | D:2      | Killed Natasha
  1561 | D:2      | Reached XP level 5. HP: 12/46 MP: 5/5
  1683 | D:2      | Noticed Natasha
  1695 | D:2      | Killed Natasha
  1836 | D:2      | Noticed Natasha
  1846 | D:2      | Killed Natasha
  1931 | D:2      | Noticed Crazy Yiuf
  1940 | D:2      | Killed Crazy Yiuf
  2009 | D:2      | Found a radiant altar of Vehumet.
  2268 | D:3      | Became a worshipper of Beogh the Brigand
  2371 | D:3      | Found a snail-covered altar of Cheibriados.
  2469 | D:3      | Reached XP level 6. HP: 13/53 MP: 6/6
  2885 | D:3      | Reached skill level 5 in Shields
  3580 | D:4      | Reached skill level 4 in Axes
  3713 | D:4      | Found an ancient bone altar of Kikubaaqudgha.
  3843 | D:4      | Found an oddly glowing altar of Pakellas.
  3878 | D:4      | Reached XP level 7. HP: 55/60 MP: 7/7
  4097 | D:4      | Found a bloodstained altar of Trog.
  4235 | D:4      | Paralysed by fainting for 8 turns
  4344 | D:4      | Noticed Hilldric's ghost (amateur HOFi)
  4355 | D:4      | Reached * piety under Beogh
  4363 | D:4      | Gained mutation: You are surrounded by a mild repulsion field (EV +2). [potion of mutation]
  4363 | D:4      | Gained mutation: You are agile. (Dex +2) [potion of mutation]
  4363 | D:4      | Gained mutation: You have a pair of small horns on your head. [potion of mutation]
  4443 | D:4      | Killed Hilldric's ghost
  4443 | D:4      | Reached skill level 5 in Fighting
  4443 | D:4      | Reached skill level 5 in Armour
  4712 | D:5      | Entered Level 5 of the Dungeon
  4712 | D:5      | Noticed Aksel's ghost (amateur HOFi)
  4738 | D:5      | Killed Aksel's ghost
  4738 | D:5      | Reached XP level 8. HP: 30/69 MP: 8/8
  4858 | D:5      | Found a shadowy altar of Dithmenos.
  4874 | D:5      | Reached skill level 5 in Axes
  4896 | D:5      | Found an opulent altar of Gozag.
  5079 | D:5      | Noticed Sigmund
  5110 | D:5      | Killed Sigmund
  5406 | D:5      | Reached skill level 6 in Axes
  5439 | D:5      | Found a white marble altar of Elyvilon.
  5606 | D:5      | Noticed Prince Ribbit
  5916 | D:5      | Reached ** piety under Beogh
  6126 | D:5      | Killed Prince Ribbit
  6126 | D:5      | Reached XP level 9. HP: 64/78 MP: 9/9
  6380 | D:6      | Found a shimmering altar of Xom.
  6544 | D:6      | Reached skill level 7 in Axes
  6647 | D:6      | Found a staircase to the Ecumenical Temple.
  7123 | D:6      | Reached skill level 8 in Axes
  7134 | D:6      | HP: 2/78 [orc warrior/morningstar (14)]
  7657 | D:7      | Reached *** piety under Beogh
  7988 | D:7      | Reached XP level 10. HP: 60/86 MP: 10/10
  8334 | D:7      | Found a blossoming altar of Fedhas.
  8684 | D:7      | Reached skill level 9 in Axes
  9747 | D:9      | Reached **** piety under Beogh
  9761 | D:9      | Found an iron altar of Okawaru.
  9849 | D:9      | Found a glowing golden altar of the Shining One.
  9995 | D:9      | Reached skill level 10 in Axes
 10001 | D:9      | Gained Dorog as an ally
 10001 | D:9      | Gained Murdo as an ally
 10070 | D:9      | Gained mutation: Your flesh is heat resistant. [mutagenic meat]
 10071 | D:9      | Gained mutation: You expend magic power (3 MP) to strengthen your wands. [mutagenic meat]
 10072 | D:9      | Gained mutation: You have an increased reservoir of magic (+10% MP). [mutagenic meat]
 10158 | D:9      | Found a shattered altar of Ashenzari.
 10473 | D:10     | Entered Level 10 of the Dungeon
 10661 | D:10     | Found a staircase to the Lair.
 10667 | D:10     | Reached skill level 10 in Shields
 10857 | D:10     | Noticed Nergalle
 10868 | D:10     | Killed Nergalle
 10868 | D:10     | Reached XP level 11. HP: 95/95 MP: 12/12
 11088 | D:10     | Gained Gorbash as an ally
 11283 | D:10     | Found a staircase to the Orcish Mines.
 11472 | Lair:1   | Entered Level 1 of the Lair of Beasts
 11480 | Lair:1   | Noticed Lugonue's ghost (journeyman DsGl)
 11492 | Lair:1   | Killed Lugonue's ghost
 11638 | Lair:1   | Reached skill level 11 in Axes
 11638 | Lair:1   | Reached skill level 1 in Stealth
 11846 | Lair:1   | Gained Ugrim as an ally
 11953 | Lair:1   | Noticed a four-headed hydra
 11960 | Lair:1   | Killed a seven-headed hydra
 12455 | Lair:1   | Noticed an obsidian statue
 12460 | Lair:1   | Noticed a sixfirhy
 12475 | Lair:1   | Your ally Ugrim died
 12477 | Lair:1   | Your ally Gorbash died
 12852 | Lair:1   | Noticed a sixfirhy
 12860 | Lair:1   | Killed an obsidian statue
 13022 | Lair:2   | Your ally Dorog died
 13604 | Lair:3   | Reached skill level 10 in Fighting
 13606 | Lair:3   | Reached ***** piety under Beogh
 13769 | Lair:3   | Reached skill level 12 in Axes
 13918 | Lair:3   | Found a glowing golden altar of the Shining One.
 14297 | Lair:3   | Reached XP level 12. HP: 85/106 MP: 13/13
 14558 | Lair:4   | Gained Wargath as an ally
 14770 | Lair:4   | Found a frozen archway.
 15056 | IceCv    | Entered an ice cave
 15081 | IceCv    | Gained Judas as an ally
 15085 | IceCv    | Reached skill level 1 in Invocations
 15635 | Lair:4   | Gained mutation: You possess an exceptional clarity of mind. [potion of mutation]
 15635 | Lair:4   | Lost mutation: You possess an exceptional clarity of mind. [potion of mutation]
 15688 | Lair:4   | Found a staircase to the Shoals.
 15802 | Shoals:1 | Entered Level 1 of the Shoals
 15992 | Shoals:1 | Noticed a merfolk impaler
 16004 | Shoals:1 | Reached skill level 10 in Armour
 16008 | Shoals:1 | Noticed a merfolk avatar
 16013 | Shoals:1 | Killed a merfolk impaler
 16013 | Shoals:1 | Reached skill level 13 in Axes
 16024 | Shoals:1 | Killed a merfolk avatar
 16244 | Shoals:1 | Reached skill level 5 in Dodging
 16787 | Shoals:1 | Reached XP level 13. HP: 99/116 MP: 15/15
 16792 | Shoals:1 | Noticed a merfolk impaler
 16801 | Shoals:1 | Killed a merfolk impaler
 16806 | Shoals:1 | Reached skill level 14 in Axes
 17008 | Shoals:1 | Noticed Josephine
 17016 | Shoals:1 | Killed Josephine
 17349 | Shoals:2 | Gained mutation: You have sharp toenails. [potion of beneficial mutation]
 17531 | Shoals:2 | Your ally Judas died
 17696 | Shoals:2 | Shot with an arrow by a satyr

Vault maps used:
D:1:      dpeg_arrival_radiant, minivault_27
D:2:      fiery_altar_vehumet, first_bread, minmay_misc_feat_square,
          uniq_natasha, uniq_crazy_yiuf_cottage
D:3:      hangedman_decor_push, minmay_misc_feat_more_columns,
          kennysheep_cross_bottleneck, cheibriados_altar_1
D:4:      kennysheep_little_box, johnstein_pakellas_dig, bloody_trog,
          gup_sewer_entry_spiral
D:5:      nicolae_dithmenos_the_darkroom, grunt_temple_overflow_open,
          minmay_misc_feat_rows, kennysheep_potato, uniq_prince_ribbit1,
          uniq_sigmund
D:6:      kennysheep_housing_project, xom_butterflies
D:7:      nicolae_overflow_crystal_walls
D:8:      kennysheep_generic_room_14
D:9:      cheibrodos_ashenzari_chains, tso_metal_star, okawaru_altar_gauntlet_db
D:10:     erik_lair_orcish_takeover, uniq_nergalle
Lair:1:   statuecave_lemuel
Lair:3:   cheibrodos_magma_flow, basic_altar, serial_bayou_shore_a
Lair:4:   minmay_shoals_entry_hut, portal_ice_cave_entry_imps,
          beast_lair_carwin_8
Shoals:1: uniq_josephine
IceCv:    ice_cave_tombish

Skill      XL: |  1  2  3  4  5  6  7  8  9 10 11 12 13 |
---------------+----------------------------------------+-----
Fighting       | 4 5 6 7 8 10 11 | 11.9
Shields        | 4 5 6 7 8 10 11 12 | 12.4
Axes           | 3 4 6 8 10 12 13 14 | 14.6
Dodging        | 1 2 3 4 5 |  5.2
Armour         | 4 5 6 7 8 9 10 11 | 11.1
Stealth        | 1 2 |  2.4
Invocations    | 1 |  1.8
Evocations     | |  0.8

Action                   |  1- 3 |  4- 6 |  7- 9 | 10-12 | 13-15 || total
-------------------------+-------+-------+-------+-------+-------++-------
Melee: War axe           |    94 |   263 |   436 |   542 |    92 ||  1427
Invok: Convert to Beogh  |       |     1 |       |       |       ||     1
       Smiting           |       |       |       |     2 |       ||     2
       Recall Orcish Fol |       |       |       |     1 |     1 ||     2
Evoke: Wand              |       |       |       |     4 |       ||     4
       Box of beasts     |       |       |       |     1 |       ||     1
  Use: Scroll            |     4 |     4 |     6 |    25 |     2 ||    41
       Potion            |       |     7 |     3 |     5 |     1 ||    16
 Stab: Distracted        |       |       |       |     6 |     4 ||    10
  Eat: Bread ration      |       |     2 |       |     3 |       ||     5
       Chunk             |       |       |    10 |    12 |     2 ||    24
       Beef jerky        |       |       |     1 |     1 |       ||     2
       Pizza             |       |       |     1 |     1 |       ||     2
       Meat ration       |       |       |       |     1 |       ||     1
       Royal jelly       |       |       |       |     1 |       ||     1
